 Dungeon Crawl Stone Soup version 0.17-a0-2064-g265a032 (webtiles) character file.

194889 Ordine the Warrior (level 18, -39/178 HPs)
             Began as a Minotaur Berserker on Oct 13, 2015.
             Was the Champion of Trog.
             Killed from afar by a Hell Sentinel (50 damage)
             ... with a blast of hellfire
             ... summoned by a deep elf demonologist
             ... on level 3 of the Elven Halls.
             The game lasted 03:22:32 (33844 turns).

Ordine the Warrior (Minotaur Berserker)            Turns: 33844, Time: 03:22:32

Health: -39/178    AC: 28    Str: 30    XL:     18   Next: 11%
Magic:  0/17       EV: 36    Int:  3    God:    Trog [******]
Gold:   959        SH: 17    Dex: 29    Spells: 0 memorised, 17 levels left

rFire  . . .     SeeInvis .     b - +6 lightning rod (0/17)
rCold  . . .     Clarity  .     g - +0 pearl dragon armour
rNeg   + . .     SustAt   .     G - +1 shield {reflect}
rPois  .         Gourm    .     (helmet unavailable)
rElec  .         Spirit   +     i - +2 cloak
rCorr  .         Warding  .     d - +2 pair of gloves
rMut   .         Stasis   .     I - +0 pair of boots of Amelioration {Dex+4 Stlth+}
MR     ++...                    h - amulet of the Thirteen Demons {Spirit *Drain +Blink Dex+2}
Stlth  ++++......               p - ring of protection from magic
                                k - +4 ring of evasion

@: mighty, agile, very slightly contaminated, very resistant to hostile
enchantments, stealthy
A: retaliatory headbutt, horns 3, camouflage 1, mutation resistance 1,
regeneration 1, strong 1, MP-powered wands
a: Burn Spellbooks, Berserk, Trog's Hand, Brothers in Arms, Renounce Religion,
Evoke Blink


You were on level 3 of the Elven Halls.
You worshipped Trog.
Trog was exalted by your worship.
You were hungry.

You visited 5 branches of the dungeon, and saw 31 of its levels.
You also visited: Volcano.

You collected 3756 gold pieces.
You spent 2225 gold pieces at shops.

Inventory:

Hand Weapons
 t - a +2 antimagic morningstar
 P - a +4 morningstar of protection
Armour
 d - a +2 pair of gloves (worn)
 g - a +0 pearl dragon armour (worn)
 i - a +2 cloak (worn)
 G - a +1 shield of reflection (worn)
 I - the +0 pair of boots of Amelioration (worn) {Dex+4 Stlth+}
   (You found it on level 5 of the Lair of Beasts)

   It affects your dexterity (+4).
   It makes you more stealthy.
Rods
 b - a +6 lightning rod (0/17) (weapon)
   (You found it on level 4 of the Dungeon)
Jewellery
 a - an uncursed amulet of clarity
 h - the amulet of the Thirteen Demons (around neck) {Spirit *Drain +Blink Dex+2}
   (You bought it in a shop on level 3 of the Orcish Mines)

   [amulet of guardian spirit]

   It causes incoming damage to be split between your health and magic.
   It affects your dexterity (+2).
   It lets you blink.
   It causes draining when unequipped.
 k - a +4 ring of evasion (left hand)
 m - an uncursed ring of teleportation
 p - a ring of protection from magic (right hand)
 q - an uncursed ring of sustain attributes
 y - an uncursed ring of protection from cold
 B - an uncursed ring of poison resistance
 F - an uncursed ring of protection from fire
Wands
 l - a wand of disintegration (3)
Scrolls
 c - 5 scrolls of identify
 f - a scroll of blinking
 o - 5 scrolls of remove curse
 s - a scroll of enchant weapon
 D - 2 scrolls of fear
Potions
 e - 11 potions of curing
 j - 2 potions of cancellation
 z - a potion of resistance
 A - a potion of agility
Comestibles
 n - 2 beef jerkies
 u - 15 fruits
 v - a bread ration
 w - a meat ration
 x - 12 chunks of flesh


   Skills:
 - Level 20.0 Fighting
 - Level 16.1 Maces & Flails
 + Level 18.9 Armour
 - Level 14.4 Dodging
 + Level 14.8 Shields


You had 17 spell levels left.
You didn't know any spells.

Dungeon Overview and Level Annotations

Branches:
Dungeon (15/15)            Temple (1/1) D:5            Lair (8/8) D:11
  Swamp (0/4) Lair:4        Snake (0/4) Lair:6        Slime (0/6) Lair:7
    Orc (4/4) D:10            Elf (3/3) Orc:4        Vaults (0/5) D:14
 Depths (0/5) D:15

Altars:
Ashenzari
Cheibriados
Dithmenos
Elyvilon
Fedhas
Gozag
Kikubaaqudgha
Makhleb
Nemelex Xobeh
Okawaru
Qazlal
Ru
Sif Muna
Trog
Vehumet
Xom
Yredelemnul
Zin
The Shining One
Beogh
Jiyva

Shops:
D:7 =   D:13 ?   D:14 }   Orc:3 =   Orc:4 :*[   Elf:1 *

Portals:
Trove: D:10 (give +6 demon whip)


Innate Abilities, Weirdness & Mutations

You reflexively headbutt those who attack you in melee.
You have a pair of large horns on your head.
Your skin changes colour to match your surroundings (Stealth).
You are somewhat resistant to further mutation.
Your natural rate of healing is unusually fast.
Your muscles are strong. (Str +2)
You expend magic power (3 MP) to strengthen your wands.


Message History

* * * LOW HITPOINT WARNING * * *
The deep elf sorcerer casts a spell.
Items here: )))) ? [ † Drink which item? (? for menu, Esc to quit)
You feel better. The blizzard demon gestures at you.
The bolt of lightning hits the Hell Sentinel.
The Hell Sentinel completely resists.
The bolt of lightning hits you!
* * * LOW HITPOINT WARNING * * *
You block the Hell Sentinel's attack. x2
The deep elf sorcerer gestures wildly while chanting.
The deep elf sorcerer seems to speed up.
Read which item? (? for menu, Esc to quit)
Blink to where?
Press: ? - help, Dir - move target cursor, p - blizzard demon You are very lightly contaminated with residual magic.
As you read the scroll of blinking, it crumbles to dust.
The Hell Sentinel gestures at you.
The hellfire explodes!
The blast of hellfire engulfs you!
You die...

.......# ##.#'## #.....# ###'
#.....## #...##########...## #.
#...).# ##....'...........# #.
###(### #.....########'#.## #.
###)### #.(...# ##.##.# #.
#..)..######### ##.##### #.
.....).## ######.## #. ...))...#
###...#'## #.
........####....@..# #.
.......('.)'.......#############'
........####.......'..........)..
........# #.......############..
.......## #.......## #.. '.....##
###....)§# ### ####### ######1##
# #2)# ##)##


You could see a Hell Sentinel and a blizzard demon.

Vanquished Creatures
  A deep elf blademaster (Elf:3)
  Gastronok (D:11)
  Wiglaf (Elf:2)
  2 deep elf sorcerers
  An orc warlord (Orc:3)
  Nessos (D:13)
  2 deep elf demonologists (Elf:3)
  5 dire elephants (Lair:8)
  3 deep elf annihilators (Elf:3)
  Snorg (Orc:1)
  3 deep elf death magi
  A fire dragon (D:15)
  Josephine (D:11)
  A deep elf high priest (Elf:3)
  An ice dragon (D:14)
  6 hydras
  A catoblepas (Lair:7)
  5 large abominations (Elf:1)
  16 dancing weapons (Elf:2)
  A centaur warrior (D:15)
  An ogre mage (D:15)
  11 death yaks
  3 tengu warriors (D:13)
  3 orc high priests
  Urug (Orc:2)
  3 wizards (D:15)
  20 deep elf knights
  4 unseen horrors
  A hill giant (shapeshifter) (Elf:1)
  A harpy (shapeshifter) (Elf:1)
  7 deep elf summoners
  3 hill giants
  3 necromancers
  A wolf spider zombie (D:13)
  22 ugly things
  6 orc sorcerers
  6 orc knights
  A griffon (Lair:8)
  10 deep elf conjurers
  5 cyclopes
  9 elephants
  Maurice (D:8)
  A gargoyle (D:13)
  A centaur zombie (D:14)
  A torpor snail (Lair:8)
  3 black mambas
  9 spiny frogs
  3 centaur skeletons
  A kobold demonologist (D:15)
  12 komodo dragons
  3 fire drakes
  A guardian mummy (Volcano)
  2 tengu conjurers
  7 trolls
  A jumping spider (shapeshifter) (D:14)
  8 deep elf priests
  8 slime creatures
  2 minotaur skeletons (Volcano)
  3 polar bears
  8 two-headed ogres
  23 blink frogs
  2 boulder beetles
  A wyvern (D:8)
  A trapdoor spider (D:13)
  Sigmund (D:5)
  2 shadows
  2 flying skulls (Volcano)
  4 vampires (Volcano)
  A human (shapeshifter) (D:14)
  4 wraiths
  24 deep elf fighters
  3 hungry ghosts
  8 basilisks
  20 deep elf magi
  16 wolves
  4 hill giant skeletons (Volcano)
  A warg (Orc:4)
  12 hippogriffs
  41 yaks
  A merfolk skeleton (Volcano)
  17 water moccasins
  A soldier ant (shapeshifter) (Elf:1)
  9 porcupines
  4 nagas (Lair:6)
  Duvessa (D:6)
  An eye of draining (D:10)
  3 ice beasts
  A wasp (D:11)
  21 ogres
  4 boggarts (D:15)
  2 black bears
  34 orc warriors
  18 centaurs
  27 crocodiles
  2 phantoms
  4 sky beasts
  A necrophage (D:10)
  20 giant frogs
  5 big kobolds
  A gnoll sergeant (D:10)
  A wyvern zombie (D:14)
  2 komodo dragon zombies (Lair:3)
  5 elf zombies (Elf:1)
  3 wyvern skeletons
  A water moccasin zombie (D:8)
  13 killer bees
  Dowan (D:6)
  A water moccasin skeleton (D:4)
  5 scorpions
  7 spriggan skeletons
  2 electric eels
  3 wights (D:13)
  3 troll skeletons (Volcano)
  A basilisk zombie (Lair:3)
  5 crimson imps
  2 giant frog zombies
  4 jellies
  A quasit (D:15)
  26 orc priests
  6 hounds
  3 giant frog skeletons
  Crazy Yiuf (D:7)
  Ijyb (D:2)
  38 orc wizards
  12 worker ants
  11 iguanas
  Natasha (thrice) (D:3)
  4 hell rats (Lair:3)
  10 sheep
  2 hound zombies
  2 hound skeletons
  A mummy (Volcano)
  20 gnolls
  61 river rats
  5 adders
  5 shadow imps
  2 oozes (D:1)
  2 adder skeletons
  An adder zombie (D:10)
  3 worms
  145 orcs
  10 goblins
  13 hobgoblins
  17 kobolds
  2 ball pythons
  4 bats
  4 giant cockroaches
  5 giant geckos
  3 giant gecko skeletons
  2 giant gecko zombies
  A giant newt (D:2)
  14 jackals
  9 quokkas
  A quokka zombie (D:6)
  8 rats
  A plant (D:11)
1115 creatures vanquished.

Vanquished Creatures (collateral kills)
  An anaconda (Lair:8)
  2 death yaks (Lair:8)
  A griffon (Lair:8)
  An elephant (Lair:8)
  A fire drake (Lair:8)
  6 blink frogs (Lair:8)
  4 yaks (Lair:8)
  A crocodile (Lair:8)
  3 giant frogs (Lair:5)
  A sheep (Lair:8)
  A river rat (Lair:8)
  An orc (Orc:2)
  A fungus (Lair:8)
  2 plants (Lair:8)
26 creatures vanquished.

Vanquished Creatures (others)
  A deep elf annihilator (Elf:3)
  2 deep elf high priests (Elf:2)
  A merfolk impaler (Lair:8)
  A deep elf conjurer (Elf:2)
  A naga (Lair:8)
  2 deep elf priests
  A big kobold (Orc:3)
  A deep elf fighter (Elf:1)
  A boggart (D:15)
  An elephant zombie (Lair:3)
  A bush (D:11)
  4 fungi
  6 plants
23 creatures vanquished.

Grand Total: 1164 creatures vanquished

Notes
Turn   | Place    | Note
--------------------------------------------------------------
     0 | D:1      | Ordine the Minotaur Berserker began the quest for the Orb.
     0 | D:1      | Reached XP level 1. HP: 19/19 MP: 0/0
     8 | D:1      | Reached skill level 4 in Maces & Flails
   293 | D:1      | Reached XP level 2. HP: 26/26 MP: 1/1
   624 | D:1      | Reached skill level 5 in Maces & Flails
   624 | D:1      | Reached XP level 3. HP: 23/31 MP: 2/2
   817 | D:2      | Noticed Ijyb
   824 | D:2      | Killed Ijyb
   829 | D:2      | Reached XP level 4. HP: 36/39 MP: 3/3
   969 | D:2      | Reached skill level 6 in Maces & Flails
  1009 | D:2      | Reached ** piety under Trog
  1110 | D:2      | Found a faded altar to an unknown god.
  1534 | D:3      | Noticed Natasha
  1543 | D:3      | Killed Natasha
  1543 | D:3      | Reached skill level 7 in Maces & Flails
  1543 | D:3      | Reached XP level 5. HP: 28/45 MP: 4/4
  1881 | D:3      | Noticed Natasha
  1886 | D:3      | Killed Natasha
  1968 | D:3      | Noticed Natasha
  1970 | D:3      | Killed Natasha
  1987 | D:3      | Reached *** piety under Trog
  2515 | D:4      | Reached skill level 8 in Maces & Flails
  2515 | D:4      | Reached XP level 6. HP: 37/51 MP: 5/5
  2708 | D:4      | Found a basalt altar of Yredelemnul.
  2887 | D:4      | Found a sparkling altar of Nemelex Xobeh.
  3100 | D:4      | Reached skill level 9 in Maces & Flails
  3250 | D:4      | Found a shadowy altar of Dithmenos.
  3250 | D:4      | Found a glowing golden altar of the Shining One.
  3250 | D:4      | Noticed an ogre
  3258 | D:4      | Killed an ogre
  3592 | D:4      | Reached XP level 7. HP: 53/57 MP: 6/6
  3713 | D:5      | Entered Level 5 of the Dungeon
  3720 | D:5      | Reached skill level 10 in Maces & Flails
  3726 | D:5      | Found a bloodstained altar of Trog.
  3995 | D:5      | Noticed Sigmund
  4003 | D:5      | Killed Sigmund
  4057 | D:5      | Found a snail-covered altar of Cheibriados.
  4067 | D:5      | Reached skill level 11 in Maces & Flails
  4089 | D:5      | Found a radiant altar of Vehumet.
  4151 | D:5      | Reached XP level 8. HP: 62/64 MP: 7/7
  4204 | D:5      | Reached skill level 12 in Maces & Flails
  4381 | D:5      | Found a staircase to the Ecumenical Temple.
  4387 | Temple   | Entered the Ecumenical Temple
  5052 | D:6      | Noticed Dowan
  5053 | D:6      | Noticed Duvessa
  5058 | D:6      | Killed Dowan
  5058 | D:6      | Reached skill level 13 in Maces & Flails
  5064 | D:6      | Killed Duvessa
  5083 | D:6      | Reached **** piety under Trog
  5411 | D:6      | Reached XP level 9. HP: 70/70 MP: 8/8
  5969 | D:7      | Found Fuitt's Jewellery Shoppe.
  5975 | D:7      | Reached skill level 14 in Maces & Flails
  5980 | D:7      | Bought a +1 ring of slaying for 78 gold pieces
  6178 | D:7      | Bought an uncursed ring of protection from cold for 325 gold pieces
  6349 | D:7      | Reached skill level 15 in Maces & Flails
  6461 | D:7      | Found a deep blue altar of Sif Muna.
  6650 | D:7      | Noticed Crazy Yiuf
  6653 | D:7      | Killed Crazy Yiuf
  6801 | D:8      | Found a glowing silver altar of Zin.
  6976 | D:8      | Got a heavily jewelled robe
  6987 | D:8      | Identified the cursed +1 robe of the Vacuum {Str+5} (You found it on level 8 of the Dungeon)
  7041 | D:8      | Found a shattered altar of Ashenzari.
  7054 | D:8      | Noticed Maurice
  7060 | D:8      | Killed Maurice
  7060 | D:8      | Reached skill level 16 in Maces & Flails
  7146 | D:8      | Found a burning altar of Makhleb.
  7150 | D:8      | Found a glowing silver altar of Zin.
  7150 | D:8      | Noticed a cacodemon
  7150 | D:8      | Noticed an angel
  7165 | D:8      | Reached skill level 5 in Fighting
  7165 | D:8      | Reached XP level 10. HP: 65/81 MP: 9/9
  8116 | D:10     | Entered Level 10 of the Dungeon
  8167 | D:10     | Found a portal to a secret trove of treasure.
  8355 | D:10     | Reached ***** piety under Trog
  8882 | D:10     | Received a gift from Trog
  8948 | D:10     | Found a staircase to the Orcish Mines.
  8981 | D:10     | Found a roughly hewn altar of Beogh.
  9206 | D:10     | Noticed a hill giant
  9211 | D:10     | Killed a hill giant
  9211 | D:10     | Reached skill level 10 in Fighting
  9524 | Orc:1    | Entered Level 1 of the Orcish Mines
  9752 | Orc:2    | Reached XP level 11. HP: 76/101 MP: 10/10
  9950 | Orc:2    | Reached skill level 5 in Armour
 10672 | Orc:1    | You fall through a shaft!
 10700 | Orc:1    | Noticed Urug
 10707 | Orc:2    | Killed Urug
 10707 | Orc:2    | Reached skill level 5 in Dodging
 10840 | Orc:1    | Noticed an orc sorcerer
 10853 | Orc:1    | Killed an orc sorcerer
 10907 | Orc:1    | Noticed Snorg
 10917 | Orc:1    | Killed Snorg
 11292 | D:7      | Bought an uncursed amulet of clarity for 260 gold pieces
 11452 | D:11     | Noticed Gastronok
 11469 | D:11     | Killed Gastronok
 11590 | D:11     | Reached ****** piety under Trog
 11590 | D:11     | Received a gift from Trog
 11610 | D:11     | Noticed Josephine
 12204 | D:11     | Reached XP level 12. HP: 88/107 MP: 11/11
 12209 | D:11     | Killed Josephine
 12209 | D:11     | Reached skill level 10 in Armour
 12525 | D:11     | Found a staircase to the Lair.
 12584 | D:11     | Found a sparkling altar of Nemelex Xobeh.
 12637 | D:11     | Noticed a hill giant
 12644 | D:11     | Killed a hill giant
 12769 | D:11     | Killed an unseen horror
 12769 | D:11     | Reached skill level 10 in Dodging
 12793 | D:11     | Killed an unseen horror
 13087 | Lair:1   | Entered Level 1 of the Lair of Beasts
 13121 | Lair:1   | Found a dark tunnel.
 13140 | Volcano  | Entered a volcano
 14281 | Lair:1   | Received a gift from Trog
 15536 | Lair:2   | Reached XP level 13. HP: 107/124 MP: 12/12
 15998 | Lair:3   | Got a crude whip
 15999 | Lair:3   | Identified the +5 whip of Qeoshit {drain, rElec rPois rF- rC++} (You found it on level 3 of the Lair of Beasts)
 16282 | Lair:3   | Reached skill level 15 in Fighting
 17449 | Lair:4   | Found a staircase to the Swamp.
 17932 | Lair:4   | Received a gift from Trog
 18812 | Lair:5   | Got a pair of faintly glowing boots
 18823 | Lair:5   | Identified the cursed +0 pair of boots of Amelioration {Dex+4 Stlth+} (You found it on level 5 of the Lair of Beasts)
 19649 | Lair:6   | Found a staircase to the Snake Pit.
 19684 | Lair:6   | Reached skill level 17 in Fighting
 20498 | Lair:7   | Received a gift from Trog
 20503 | Lair:7   | Reached skill level 18 in Fighting
 20521 | Lair:7   | Reached XP level 14. HP: 143/143 MP: 13/13
 20802 | Lair:7   | Found a viscous altar of Jiyva.
 20803 | Lair:7   | Found a staircase to the Slime Pits.
 20959 | Lair:8   | Entered Level 8 of the Lair of Beasts
 21298 | Lair:8   | Hired Kiuptom the naga for 194 gold.
 21299 | Lair:8   | Gained mutation: Your flesh is cold resistant. [helix card]
 21325 | Lair:8   | Your ally Kiuptom died
 22009 | Lair:7   | Reached skill level 19 in Fighting
 22144 | Lair:7   | Received a gift from Trog
 22584 | Lair:8   | Found a shadowy altar of Dithmenos.
 22652 | Lair:8   | Drew Focus: Str increased to 22, Int decreased to 3
 22653 | Lair:8   | Hired Ytwilo the big kobold for 91 gold.
 22656 | Lair:8   | Lost mutation: Your flesh is cold resistant. [helix card]
 22657 | Lair:8   | Hired Perivup the merfolk for 287 gold.
 22781 | Lair:8   | Reached skill level 20 in Fighting
 23040 | Lair:8   | Received a gift from Trog
 23258 | Lair:8   | Your ally Perivup died
 24205 | Lair:2   | Gained mutation: You can spit weak poison. [potion of mutation]
 24205 | Lair:2   | Gained mutation: You have a pair of large horns on your head. [potion of mutation]
 24205 | Lair:2   | Gained mutation: Your spells are a little easier to cast, but a little less powerful. [potion of mutation]
 24206 | Lair:2   | Lost mutation: You have a pair of large horns on your head. [potion of cure mutation]
 24206 | Lair:2   | Lost mutation: You can spit weak poison. [potion of cure mutation]
 24206 | Lair:2   | Lost mutation: Your spells are a little easier to cast, but a little less powerful. [potion of cure mutation]
 24388 | Orc:3    | Found Hastauro's Jewellery Boutique.
 24397 | Orc:3    | Bought the amulet of the Thirteen Demons {Spirit *Drain +Blink Dex+2} for 596 gold pieces
 24397 | Orc:3    | Bought a cursed ring of loudness for 63 gold pieces
 24804 | Orc:3    | Reached XP level 15. HP: 155/155 MP: 14/14
 24969 | Orc:2    | Received a gift from Trog
 25240 | Orc:4    | Entered Level 4 of the Orcish Mines
 25399 | Orc:4    | Found a roughly hewn altar of Beogh.
 25475 | Orc:4    | Found a staircase to the Elven Halls.
 25960 | Orc:3    | Your ally Ytwilo died
 26787 | Orc:4    | Received a gift from Trog
 27035 | Orc:4    | Found Qosusesk's Antique Armour Boutique.
 27036 | Orc:4    | Found Ovuox's Antique Weapon Boutique.
 27037 | Orc:4    | Found Rotoshruo's General Store.
 27037 | Orc:4    | Found Ykudyifa's Book Shop.
 27363 | Orc:4    | Bought a pair of embroidered gloves for 153 gold pieces
 27363 | Orc:4    | Bought a runed cloak for 153 gold pieces
 27386 | Orc:4    | Bought 2 potions of cancellation for 208 gold pieces
 27386 | Orc:4    | Bought a potion of curing for 39 gold pieces
 28272 | D:13     | Reached skill level 15 in Armour
 28405 | D:13     | Noticed Nessos
 28417 | D:13     | Killed Nessos
 28539 | D:13     | Found Momyot's Magic Scroll Shop.
 28546 | D:13     | Bought a scroll of identify for 28 gold pieces
 28546 | D:13     | Bought a scroll of enchant armour for 105 gold pieces
 28546 | D:13     | Bought a scroll of identify for 28 gold pieces
 28546 | D:13     | Bought a scroll of identify for 28 gold pieces
 28546 | D:13     | Bought a scroll of torment for 105 gold pieces
 28546 | D:13     | Bought a scroll of identify for 28 gold pieces
 28546 | D:13     | Bought a scroll of identify for 28 gold pieces
 28873 | D:14     | Found a gate to the Vaults.
 29009 | D:14     | Gained mutation: You are weak. (Str -2) [mutagenic meat]
 29010 | D:14     | Gained mutation: You are somewhat resistant to further mutation. [mutagenic meat]
 29091 | D:14     | Got a dazzling scimitar
 29092 | D:14     | Identified the +7 scimitar "Aduej" {flame, rPois Int+6} (You found it on level 14 of the Dungeon)
 29274 | D:14     | Gained mutation: Your natural rate of healing is unusually fast. [mutagenic meat]
 29275 | D:14     | Lost mutation: You are weak. (Str -2) [mutagenic meat]
 29289 | D:14     | Found Uneamem's Gadget Shoppe.
 29395 | D:14     | Gained mutation: You expend magic power (3 MP) to strengthen your wands. [mutagenic meat]
 29399 | D:14     | Gained mutation: Your muscles are strong. (Str +2) [mutagenic meat]
 29466 | D:14     | Received a gift from Trog
 29654 | D:15     | Entered Level 15 of the Dungeon
 29839 | D:15     | Gained mutation: Your skin changes colour to match your surroundings (Stealth). [mutagenic meat]
 29842 | D:15     | Gained mutation: You have a pair of large horns on your head. [mutagenic meat]
 30130 | D:15     | Reached XP level 16. HP: 162/162 MP: 15/15
 30148 | D:15     | Found a staircase to the Depths.
 30321 | D:15     | Received a gift from Trog
 30352 | D:15     | Found a shadowy altar of Dithmenos.
 30438 | D:15     | Reached skill level 1 in Shields
 30606 | Lair:2   | Reached XP level 17. HP: 170/170 MP: 16/16
 30789 | Elf:1    | Entered Level 1 of the Elven Halls
 31168 | Elf:1    | Found Fitsavot's General Store.
 31191 | Elf:1    | Received a gift from Trog
 31461 | Elf:1    | Reached skill level 10 in Shields
 31928 | Elf:2    | Noticed Wiglaf
 31946 | Elf:2    | Killed Wiglaf
 32344 | Elf:2    | Found a runed gate.
 32344 | Elf:2    | Found a runed gate.
 32344 | Elf:2    | Found a runed gate.
 32595 | Elf:2    | Received a gift from Trog
 32957 | Elf:3    | Entered Level 3 of the Elven Halls
 33625 | Elf:3    | Reached XP level 18. HP: 178/178 MP: 5/17
 33844 | Elf:3    | Killed from afar by a Hell Sentinel

Vault maps used:
D:1:      dpeg_arrival_round_b
D:2:      ecumenical_altar_2, uniq_iyjb
D:3:      kennysheep_big_flooded_room, uniq_natasha
D:4:      nicolae_overflow_crystal_walls, nemelex_xobeh_ov_fountains_minmay,
          nicolae_overflow_hidden_temple, nrook_mini_vaults, minmay_crystal_room
D:5:      lemuel_round_altar, vehumet_crystals, lemuel_crystal_altar,
          temple_doors_c, first_bread, uniq_sigmund
D:6:      uniq_duvessa
D:7:      led_sif_pool, serial_shops, shop_statue, uniq_crazy_yiuf_cottage
D:8:      grunt_temple_overflow_order_and_chaos_2, evilmike_ruin_ashenzari,
          basic_altar, uniq_maurice
D:10:     minmay_orc_entry_temple_small, nicolae_trove_entry_crossroad
D:11:     minmay_lair_entry_grove, hangedman_tell_no_tales,
          nemelex_diamond_rough_becter, uniq_gastronok, uniq_josephine
D:13:     serial_shops, kennysheep_mini_moat, uniq_nessos
D:14:     david_vaults_4, serial_shops, shop
D:15:     grunt_enter_depths_magical_seal, grunt_dithmenos_shadows,
          minmay_misc_feat_room
Temple:   minmay_temple_curvy_8
Lair:1:   nicolae_volcano_entry_lava_flow
Lair:3:   pond_and_an_island_with_a_cottage, beast_lair_carwin_3
Lair:4:   boulder_dual_corridor_run, swamp_mist_pool, forest_entry_grove
Lair:5:   pond
Lair:6:   minmay_snake_entry_guardpost_small
Lair:7:   dpeg_slime_entry_enclosed_altar
Lair:8:   due_jungle_book, basic_altar, kennysheep_basilisk_garden
Orc:1:    uniq_urug, uniq_snorg
Orc:2:    enter_bailey_8
Orc:3:    serial_shops, shop, nicolae_orc_pool_cavern
Orc:4:    st_orc_congregation, basic_altar
Elf:1:    serial_shops, shop, minmay_elf_necromancy
Elf:2:    uniq_wiglaf
Elf:3:    minmay_elf_hall_spiked
Volcano:  volcano_tomb

Action                   |  1- 3 |  4- 6 |  7- 9 | 10-12 | 13-15 | 16-18 || total
-------------------------+-------+-------+-------+-------+-------+-------++-------
Melee: Mace              |    48 |   135 |       |       |       |       ||   183
       Morningstar       |       |    32 |   284 |   744 |       |   507 ||  1567
       Dire flail        |       |       |       |    64 |  1251 |    55 ||  1370
       Whip              |       |       |       |       |   233 |       ||   233
Invok: Burn Spellbooks   |       |     2 |     1 |     1 |       |     2 ||     6
       Trog's Hand       |       |       |     3 |     1 |     3 |     7 ||    14
       Berserk           |       |       |     1 |     4 |     9 |     1 ||    15
Evoke: Rod               |       |       |       |    23 |    10 |     4 ||    37
       Deck              |       |       |       |       |    15 |       ||    15
       Phial of floods   |       |       |       |       |     1 |       ||     1
  Use: Scroll            |       |     7 |    15 |    10 |     8 |     7 ||    47
       Potion            |       |       |     1 |     7 |     4 |     5 ||    17
 Stab: Distracted        |       |       |       |       |     7 |       ||     7
       Sleeping          |       |       |       |       |     1 |     2 ||     3
       Invisible         |       |       |       |       |       |     2 ||     2
  Eat: Chunk             |       |     8 |    13 |    33 |    76 |    18 ||   148
       Fruit             |       |       |       |     4 |     1 |       ||     5
       Beef jerky        |       |       |       |       |     2 |       ||     2
       Pizza             |       |       |       |       |     1 |       ||     1
